 Dungeon Crawl Stone Soup version 0.17.1-3-g152610e (webtiles) character file.

175 Jerry the Chopper (level 5, -2/45 HPs)
             Began as a Hill Orc Fighter on Mar 13, 2016.
             Killed from afar by Ijyb (14 damage)
             ... with a wand of lightning
             ... on level 3 of the Dungeon.
             The game lasted 00:06:33 (2867 turns).

Jerry the Chopper (Hill Orc Fighter)                Turns: 2867, Time: 00:06:33

Health: -2/45      AC:  9    Str: 19      XL:     5   Next: 55%
Magic:  5/5        EV:  7    Int: 12 (13) God:
Gold:   119        SH:  9    Dex: 12      Spells: 0 memorised, 4 levels left

rFire  + . .     SeeInvis .     a - +0 war axe
rCold  x . .     Clarity  .     b - +0 scale mail
rNeg   . . .     SustAt   .     c - +0 shield
rPois  +         Gourm    .     q - +0 helmet
rElec  .         Spirit   .     g - +0 cloak
rCorr  .         Warding  .     (no gloves)
rMut   .         Stasis   .     (no boots)
MR     .....                    (no amulet)
Stlth  ..........               m - +4 ring of intelligence
                                k - ring of fire (curse)

@: not resistant to hostile enchantments, extremely unstealthy
A: agile 1, deterioration 1, poison resistance
a: no special abilities


You were on level 3 of the Dungeon.
You were not hungry.

You visited 1 branch of the dungeon, and saw 4 of its levels.

You collected 119 gold pieces.

Inventory:

Hand Weapons
 a - a +0 war axe (weapon)
Armour
 b - a +0 scale mail (worn)
 c - a +0 shield (worn)
 g - a +0 cloak (worn)
 q - a +0 helmet (worn)
Jewellery
 k - a cursed ring of fire (left hand)
 m - a +4 ring of intelligence (right hand)
Scrolls
 h - 2 scrolls of fog {unknown}
 j - a scroll of amnesia {unknown}
 n - 3 scrolls of teleportation {unknown}
 o - 3 scrolls of recharging {unknown}
 p - a scroll of remove curse {unknown}
 s - a scroll of identify {unknown}
Potions
 l - a potion of flight {unknown}
 r - a potion of haste {unknown}
Comestibles
 e - 4 bread rations


   Skills:
 - Level 3.6 Fighting
 + Level 4.9 Axes
 + Level 4.4 Armour
 + Level 4.7 Shields


You had 4 spell levels left.
You didn't know any spells.

Dungeon Overview and Level Annotations

Branches:
Dungeon (4/15)
 Temple: D:4-7

Altars:
Ashenzari

Annotations:
D:2 Natasha
D:3 Ijyb
D:4 Pikel


Innate Abilities, Weirdness & Mutations

You are agile. (Dex +2)
Your body sometimes deteriorates upon taking damage.
Your system is resistant to poisons.


Message History

Ijyb shouts!
Ijyb zaps a wand.
The bolt of lightning hits the hobgoblin.
The hobgoblin dies!
The bolt of lightning misses you.
It is a wand of lightning.
Found a stone staircase leading up.
Ijyb zaps a wand.
The bolt of lightning misses you. Ijyb hits you but does no damage.
Your shield and scale mail prevent you from hitting Ijyb.
Ijyb zaps a wand.
The bolt of lightning hits you!
Your body deteriorates!
You feel dopey.
You barely miss Ijyb.
Ijyb zaps a wand.
The bolt of lightning hits you!
* * * LOW HITPOINT WARNING * * *
You are too injured to fight recklessly!
You are too injured to fight recklessly!
You are too injured to fight recklessly!
You are too injured to fight recklessly!
You hit Ijyb but do no damage.
Ijyb zaps a wand.
The bolt of lightning hits you!
You die...

.[.....# #.# ......##
#.#
#################.###
>...................#
.####################
.# ..# )# #.# .# #g#
.# ####### #@# .#
#.....#.#####.####
.###.#...#.........<#
.....###.#######.####
.................#
..######.#########
..# #.# ..######.#
.........#


You could see Ijyb.

Vanquished Creatures
  An orc priest (D:3)
  Natasha (D:2)
  A worker ant (D:4)
  3 adders
  2 worms
  5 orcs
  6 bats
  3 giant cockroaches
  4 goblins
  7 hobgoblins
  10 jackals
  A ball python (D:2)
  6 giant newts
  5 kobolds
  2 quokkas
  4 rats
61 creatures vanquished.

Vanquished Creatures (others)
  A hobgoblin (D:3)
1 creature vanquished.

Grand Total: 62 creatures vanquished

Notes
Turn   | Place    | Note
--------------------------------------------------------------
     0 | D:1      | Jerry the Hill Orc Fighter began the quest for the Orb.
     0 | D:1      | Reached XP level 1. HP: 19/19 MP: 1/1
   192 | D:1      | Reached XP level 2. HP: 26/26 MP: 2/2
   569 | D:1      | Reached XP level 3. HP: 31/31 MP: 3/3
   988 | D:2      | Reached skill level 4 in Shields
  1323 | D:2      | You fall through a shaft for 2 floors!
  1352 | D:4      | Reached XP level 4. HP: 20/39 MP: 4/4
  1572 | D:4      | Noticed Pikel
  1572 | D:4      | Noticed a slave
  1573 | D:4      | Noticed a slave
  1574 | D:4      | Noticed a slave
  1574 | D:4      | Noticed a slave
  1590 | D:3      | Reached XP level 5. HP: 38/45 MP: 5/5
  2181 | D:3      | Found a shattered altar of Ashenzari.
  2458 | D:3      | Noticed Natasha
  2478 | D:2      | Gained mutation: Your system is resistant to poisons. [potion of mutation]
  2478 | D:2      | Gained mutation: Your body sometimes deteriorates upon taking damage. [potion of mutation]
  2478 | D:2      | Gained mutation: You are agile. (Dex +2) [potion of mutation]
  2483 | D:2      | Killed Natasha
  2624 | D:2      | Noticed Natasha
  2861 | D:3      | Noticed Ijyb
  2867 | D:3      | Killed from afar by Ijyb

Action                   |  1- 3 |  4- 6 || total
-------------------------+-------+-------++-------
Melee: War axe           |   150 |    82 ||   232
  Use: Potion            |       |     4 ||     4
  Eat: Chunk             |     2 |     1 ||     3
       Meat ration       |       |     1 ||     1
